 Dungeon Crawl Stone Soup version 0.20.1-1-g8b1a95d (console) character file.

130 Jazqa the Skirmisher (level 5, 0/59 HPs)
             Began as an Ogre Berserker on Nov 3, 2017.
             Was a Believer of Trog.
             Slain by an orc
             ... wielding a +0 trident
              (4 damage)
             ... on level 3 of the Dungeon.
             The game lasted 00:03:05 (2619 turns).

Jazqa the Skirmisher (Ogre Berserker)               Turns: 2619, Time: 00:03:06

Health: 0/59       AC:  4    Str: 22    XL:     5   Next: 14%
Magic:  5/5        EV: 10    Int:  8    God:    Trog [**....]
Gold:   106        SH:  0    Dex:  8    Spells: 4/4 levels left

rFire    . . .     SeeInvis .   a - +0 mace
rCold    . . .     Gourm    .   (no shield)
rNeg     . . .     Faith    .   b - +0 animal skin
rPois    .         Spirit   .   (helmet restricted)
rElec    .         Reflect  .   e - +0 cloak
rCorr    .         Harm     .   (gloves unavailable)
MR       .....                  (boots unavailable)
Stlth    +.........             g - amulet of regeneration
Regen    0.6/turn               (no ring)
MPRegen  0.1/turn               (no ring)

@: berserk cooldown, fainting
A: unfitting armour, tough skin 1
a: Berserk, Trog's Hand, Burn Spellbooks, Renounce Religion


You were on level 3 of the Dungeon.
You worshipped Trog.
Trog was pleased with you.
You were fainting.

You visited 1 branch of the dungeon, and saw 3 of its levels.

You collected 106 gold pieces.


Innate Abilities, Weirdness & Mutations

You are too large for most types of armour.
You have tough skin. (AC +1)


   Skills:
 + Level 5.8 Fighting
 + Level 4.2 Maces & Flails
 - Level 2.6 Dodging


You had 4 spell levels left.
You didn't know any spells.

Inventory:

Hand Weapons
 a - a +0 mace (weapon)
Armour
 b - a +0 animal skin (worn)
 e - a +0 cloak (worn)
Jewellery
 g - an amulet of regeneration (around neck)
Scrolls
 d - a scroll of teleportation {unknown}
 j - 4 scrolls of identify {unknown}
Potions
 f - 2 potions of ambrosia {unknown}
 i - 2 potions of resistance {unknown}
 l - a potion of curing {unknown}
 m - a potion of brilliance {unknown}
 n - a potion of might {unknown}
 o - 2 potions of agility {unknown}
Comestibles
 c - a bread ration {@e1}
 h - a meat ration {@e1}
 k - a fruit {@e2}

Dungeon Overview and Level Annotations

Branches:
Dungeon (3/15)

Altars:

#### #..?. #....
#....#
#.$...####
#.....#..
........########
#......@ho......
#......l##......
....$...?......#
..#.#..........#
. # #..........#
#..........#
#.##........ #.
....... #.
.......


You could see an orc, a leopard gecko and a jackal.


Message History

The jackal closely misses you. The leopard gecko barely misses you.
Unknown command.
You are too injured to fight recklessly!
You barely miss the jackal.
You are fainting from starvation!
The jackal closely misses you. The leopard gecko bites you.
* * * LOW HITPOINT WARNING * * *
The jackal barely misses you. The jackal bites you.
* * * LOW HITPOINT WARNING * * *
The leopard gecko barely misses you.
You closely miss the jackal.
You feel yourself speed up. The jackal bites you.
* * * LOW HITPOINT WARNING * * *
The orc hits you from afar with a trident!
* * * LOW HITPOINT WARNING * * *
The leopard gecko barely misses you.
The jackal bites you but does no damage.
The orc hits you from afar with a trident.
* * * LOW HITPOINT WARNING * * *
The leopard gecko bites you.
* * * LOW HITPOINT WARNING * * *
The leopard gecko bites you.
* * * LOW HITPOINT WARNING * * *
There is a stone staircase leading up, spattered with blood here.
Unknown command.
The jackal bites you but does no damage.
The leopard gecko closely misses you.
The orc hits you from afar with a trident.
You die...

Skill      XL: |  1  2  3  4 |
---------------+-------------+-----
Maces & Flails | 3 4 |  4.2
Fighting       | 5 |  5.8
Dodging        | |  2.6

Action                   |  1- 3 |  4- 6 || total
-------------------------+-------+-------++-------
Melee: Mace              |   100 |   117 ||   217
Invok: Berserk           |     1 |     2 ||     3
  Eat: Chunk             |     2 |     4 ||     6
Armor: Animal skin       |    50 |    48 ||    98
Dodge: Dodged            |    87 |    88 ||   175

Vault maps used:
D:1:      dpeg_arrival_connections
D:3:      lemuel_crystal_altar, first_bread, portal_sewer_entry_a,
          nemelex_dance_club_becter

Notes
Turn   | Place    | Note
-------+----------+-------------------------------------------
     0 | D:1      | Jazqa the Ogre Berserker began the quest for the Orb.
     0 | D:1      | Reached XP level 1. HP: 24/24 MP: 1/1
    19 | D:1      | Reached skill level 3 in Maces & Flails
    19 | D:1      | Reached XP level 2. HP: 18/33 MP: 2/2
   344 | D:1      | Reached XP level 3. HP: 34/40 MP: 3/3
   908 | D:2      | Reached skill level 5 in Fighting
  1157 | D:2      | Reached ** piety under Trog
  1173 | D:2      | Reached XP level 4. HP: 50/50 MP: 4/4
  1471 | D:2      | HP: 5/50 [quokka (4)]
  1475 | D:2      | HP: 2/50 [quokka (1)]
  1909 | D:2      | Reached skill level 4 in Maces & Flails
  2155 | D:2      | Reached XP level 5. HP: 33/59 MP: 5/5
  2617 | D:3      | HP: 5/59 [leopard gecko (1)]
  2619 | D:3      | Slain by an orc

Vanquished Creatures
  7 adders
  A gnoll (D:1)
  A worm (D:2)
  3 dart slugs
  4 leopard geckos
  4 giant cockroaches (D:2)
  4 goblins
  A hobgoblin (D:1)
  4 jackals (D:2)
  A quokka (D:2)
  2 ball pythons (D:1)
  7 bats
  A frilled lizard (D:1)
  6 kobolds
  6 rats
52 creatures vanquished.
